manner makes man

Match 28986838
End
Panzergrenadier Squad
Selects Armored Support Battlegroup
Panzergrenadier Squad
Panzergrenadier Squad
Construct Light Support Kompanie
Fire Support Elements
Selects Superior Fire Drills
Flakvierling Half-track
le.IG 18 Mechanized Group
Combat Half-tracks
Vehicle Survival Package
Pak 38 Anti-tank Gun Team
2.5-tonne Medical Truck
Veteran Squad Leaders
Construct Panzerarmee Kommand
Pak 38 Mechanized Group
Selects Salvage Kits
Selects Panzer Storm
Selects Stuka Anti-tank Loiter
Warheads
jhclover
萌新
trump
100%eighty
Rdcis
쥐람다
Ultraman
0
0

Comments sign in to comment!

No comments posted yet!